 Dungeon Crawl Stone Soup version 0.28.0-43-g3370ac3207 (webtiles) character file.

Game seed: 157250670418743098

1180 fknight the Chopper (level 8, -5/71 HPs)
             Began as a Hill Orc Monk on Feb 28, 2022.
             Slain by Prince Ribbit (15 damage)
             ... on level 5 of the Dungeon.
             The game lasted 00:29:53 (6822 turns).

fknight the Chopper (Hill Orc Monk)                 Turns: 6822, Time: 00:29:54

Health: -5/71      AC: 10    Str: 22    XL:     8   Next: 42%
Magic:  8/8        EV:  7    Int: 10    God:
Gold:   69         SH:  3    Dex: 13    Spells: 7/7 levels left

rFire   . . .      SeeInvis .   u - +2 flail (protect)
rCold   . . .      Faith    .   n - +0 buckler
rNeg    . . .      Spirit   .   o - +0 plate armour
rPois   .          Reflect  .   (no helmet)
rElec   .          Harm     .   (no cloak)
rCorr   .          Rampage  .   (no gloves)
Will    .....                   (no boots)
Stlth   ..........              (no amulet)
HPRegen 0.21/turn               i - +6 ring of strength
MPRegen 0.11/turn               (no ring)

@: no status effects
A: no striking features
a: no special abilities


You were on level 5 of the Dungeon.
You visited 1 branch of the dungeon, and saw 5 of its levels.

You collected 219 gold pieces.
You spent 150 gold pieces at shops.

Inventory:

Hand Weapons
 a - a +0 hand axe
 e - a +0 hunting sling
 f - a +0 spear
 k - a +0 shortbow
 t - a +0 hand crossbow
 u - a +2 flail of protection (weapon)
 x - a +0 trident
 y - a +0 spear
Missiles
 c - 136 stones (quivered)
 g - 8 atropa-tipped darts
 l - 25 arrows
 w - 42 bolts
Armour
 b - a +0 robe
 d - a +0 ring mail
 n - a +0 buckler (worn)
 o - a +0 plate armour (worn)
Jewellery
 i - a +6 ring of strength (left hand)
 B - an amulet of faith
Scrolls
 h - 5 scrolls of amnesia
 m - 2 scrolls of teleportation
 p - a scroll of identify
 r - a scroll of enchant weapon {unknown}
 s - a scroll of fear
Potions
 q - a potion of flight
 v - a potion of cancellation
 z - a potion of degeneration
 A - a potion of invisibility {unknown}


   Skills:
 + Level 6.8 Fighting
 + Level 7.5 Axes
 + Level 4.7 Dodging
 + Level 4.7 Stealth


You had 7 spell levels left.
You didn't know any spells.
Your spell library contained the following spells:

 Spells                   Type           Power      Damage    Failure   Level
 Animate Skeleton         Necr           0%         N/A       100%        1
 Apportation              Tloc           0%         N/A       100%        1
 Beastly Appendage        Tmut           0%         N/A       100%        1
 Summon Small Mammal      Summ           0%         N/A       100%        1
 Wereblood                Tmut           0%         N/A       100%        2
 Call Canine Familiar     Summ           0%         N/A       100%        3
 Spider Form              Tmut/Pois      0%         N/A       100%        3
 Summon Guardian Golem    Hex/Summ       0%         N/A       100%        3


Dungeon Overview and Level Annotations

Branches:
Dungeon (5/15)             Temple (0/1) D:4

Altars:
Gozag

Shops:
D:4 !*

Annotations:
D:5 3 runed translucent doors, Prince Ribbit; experimilk's ghost, novice KoAM


Message History

The hornet zombie hits you but does no damage.
The hornet zombie barely misses you.
There is an open door, spattered with blood here.
You hit the hornet zombie.
The hornet zombie is almost destroyed.
The hornet zombie hits you but does no damage.
You sock the hornet zombie!
You destroy the hornet zombie!
Prince Ribbit hits you but does no damage.
Prince Ribbit hits you!
* * * LOW HITPOINT WARNING * * *
You miss Prince Ribbit.
Prince Ribbit hits you but does no damage.
Prince Ribbit barely misses you.
You barely miss Prince Ribbit. Prince Ribbit barely misses you.
Prince Ribbit hits you but does no damage.
You miss Prince Ribbit.
Prince Ribbit blinks!
Prince Ribbit lets out a mournful croak.
There is an open door, spattered with blood here.
Prince Ribbit blinks!
Prince Ribbit blinks!
Prince Ribbit hits you.
* * * LOW HITPOINT WARNING * * *
Prince Ribbit closely misses you.
Prince Ribbit hits you but does no damage.
You sock Prince Ribbit!
Your weapon exudes an aura of protection.
Prince Ribbit is moderately wounded.
Prince Ribbit barely misses you.
You closely miss Prince Ribbit.
Prince Ribbit is moderately wounded.
Prince Ribbit hits you.
* * * LOW HITPOINT WARNING * * *
You block Prince Ribbit's attack.
You miss Prince Ribbit.
Prince Ribbit is lightly wounded.
You block Prince Ribbit's attack. Prince Ribbit hits you!
* * * LOW HITPOINT WARNING * * *
You feel better. Prince Ribbit hits you!
You die...

# #.........#......#....# #
#.........#......#....# #
+.........#......'....#
#.........#.....##...##
#.........#.....##...#
#.........#.....##...#######
#......#...##.....
#.F....#..........
#@.....#..........
........#.....##...##.....
......$.#.....##...##.....
........#.................
..(.....+.................
........#.................
......(.#.....##...#######
........#.....##...##.....
........'................[


You could see Prince Ribbit.

Vanquished Creatures
  Eustachio (D:5)
  Edmund (D:4)
  A hornet zombie (D:5)
  A sky beast (D:5)
  An ice beast (D:5)
  2 necrophages
  A scorpion (D:5)
  A howler monkey (D:4)
  3 hounds
  Ijyb (D:3)
  A gnoll shaman (D:4)
  An iguana (D:5)
  Natasha (twice) (D:2)
  4 gnolls (D:4)
  5 adders
  2 adder skeletons (D:4)
  3 worms
  2 dart slugs
  6 orcs
  2 ball pythons
  4 endoplasms
  A giant cockroach (D:1)
  4 goblins
  9 hobgoblins
  4 jackals (D:2)
  5 kobolds
  3 quokkas
  A bat (D:3)
  2 frilled lizards
  8 rats
82 creatures vanquished.

Notes
Turn   | Place    | Note
-------+----------+-------------------------------------------
     0 | D:1      | fknight the Hill Orc Monk began the quest for the Orb.
     0 | D:1      | Reached XP level 1. HP: 19/19 MP: 1/1
   708 | D:1      | Reached XP level 2. HP: 27/27 MP: 2/2
  1607 | D:2      | Reached XP level 3. HP: 33/33 MP: 3/3
  2017 | D:2      | Noticed Natasha
  2032 | D:2      | Killed Natasha
  2033 | D:2      | Reached XP level 4. HP: 15/40 MP: 4/4
  2594 | D:3      | Noticed Ijyb
  2662 | D:3      | Killed Ijyb
  2663 | D:3      | Reached skill level 5 in Axes
  2663 | D:3      | Reached XP level 5. HP: 25/47 MP: 5/5
  3409 | D:4      | Found a staircase to the Ecumenical Temple.
  3431 | D:4      | Reached XP level 6. HP: 12/55 MP: 6/6
  3432 | D:4      | Reached skill level 5 in Fighting
  3833 | D:4      | Found Plog's Distillery.
  3901 | D:4      | Bought a potion of curing for 30 gold pieces
  3901 | D:4      | Bought a potion of attraction for 30 gold pieces
  3901 | D:4      | Bought a potion of heal wounds for 50 gold pieces
  3901 | D:4      | Bought a potion of might for 40 gold pieces
  3982 | D:4      | Noticed a necrophage
  3991 | D:4      | Killed a necrophage
  4770 | D:2      | Noticed Natasha
  4777 | D:2      | Killed Natasha
  5189 | D:4      | Reached skill level 6 in Axes
  5198 | D:4      | Noticed Edmund
  5235 | D:4      | HP: 2/56 [Edmund/+2 flail of protection (9)]
  5240 | D:4      | Killed Edmund
  5241 | D:4      | Reached XP level 7. HP: 4/62 MP: 7/7
  5601 | D:4      | Found Qite's Serpentskin Sales.
  5861 | D:5      | Entered Level 5 of the Dungeon
  6193 | D:5      | Found a runed translucent gate.
  6193 | D:5      | Found a runed translucent gate.
  6193 | D:5      | Found a runed translucent gate.
  6194 | D:5      | Found an opulent altar of Gozag.
  6196 | D:5      | Noticed a shadow
  6196 | D:5      | Noticed experimilk's ghost (novice KoAM)
  6328 | D:5      | Noticed Eustachio
  6346 | D:5      | Killed Eustachio
  6347 | D:5      | Reached skill level 7 in Axes
  6347 | D:5      | Reached XP level 8. HP: 44/71 MP: 8/8
  6782 | D:5      | Noticed Prince Ribbit
  6821 | D:5      | HP: 2/71 [Prince Ribbit (11)]
  6822 | D:5      | Slain by Prince Ribbit

Illustrated notes

Levels and vault maps discovered:
D:1:      dpeg_arrival_pits, layout_loops_corners, fountainhead,
          minmay_tromino_v4_b
D:2:      layout_basic, uniq_natasha
D:3:      layout_loops_ring, uniq_ijyb
D:4:      layout_cave_pools, minmay_temple_entry_purple_smoke, serial_shops,
          nicolae_inconvenience_store, guppyfry_shop_venom, uniq_edmund
D:5:      layout_gridville, ebering_ghost_gozag, uniq_eustachio,
          uniq_prince_ribbit1

Skill      XL: |  1  2  3  4  5  6  7 |
---------------+----------------------+-----
Stealth        | 2 3 4 |  4.7
Fighting       | 4 5 6 |  6.8
Dodging        | 3 4 |  4.7
Axes           | 5 6 7 |  7.5

Action                   |  1- 3 |  4- 6 |  7- 9 || total
-------------------------+-------+-------+-------++-------
Melee: Hand axe          |    71 |   131 |     5 ||   207
       Flail             |       |       |    82 ||    82
 Fire: Hunting sling     |    31 |    23 |       ||    54
       Shortbow          |    11 |    48 |       ||    59
       Hand crossbow     |       |     9 |    25 ||    34
Throw: Stone             |     3 |       |       ||     3
  Use: Scroll            |       |     8 |     2 ||    10
       Potion            |       |     6 |     1 ||     7
 Stab: Sleeping          |     1 |       |       ||     1
Armor: Ring mail         |    24 |       |       ||    24
       Plate armour      |       |    62 |    93 ||   155
Dodge: Dodged            |    44 |    42 |    43 ||   129
Block: Buckler           |       |    13 |    24 ||    37
